 Dungeon Crawl Stone Soup version 0.29.1-12-g30fa7ad0bf (webtiles) character file.

Game seed: 3102344992700808006

2525269 wormed the Ninja (level 27, 161/161 HPs)
             Began as a Spriggan Hunter on Dec 29, 2022.
             Was a High Priest of Okawaru.
             Escaped with the Orb
             ... and 4 runes!
             The game lasted 03:48:15 (62856 turns).

wormed the Ninja (Spriggan Hunter)                 Turns: 62856, Time: 03:48:15

Health: 161/161    AC:  9    Str:  9    XL:     27
Magic:  48/48      EV: 75    Int: 13    God:    Okawaru [*****.]
Gold:   7939       SH: 19    Dex: 45    Spells: 28/48 levels left

rFire   + + +      SeeInvis +   X - +8 hand crossbow of Gravity {penet, rCorr}
rCold   + + .      Faith    .   S - +3 buckler of the Valley {Fly MP+9 Str+3}
rNeg    . . .      Spirit   .   D - +2 robe {rC+}
rPois   +          Reflect  .   C - +2 hat of a Gauntlet {Dex+4}
rElec   .          Harm     .   w - +2 cloak of the Turtledove {rF+ Regen+}
rCorr   +          Rampage  .   (gloves unavailable)
Will    ++++.                   (boots unavailable)
Stlth   ++++......              U - amulet "Mima" {rPois rC+ Will+ Regen+ Dex+2}
HPRegen 1.96/turn               R - +6 ring of dexterity
MPRegen 0.31/turn               T - ring "Viymn" {Wiz rF++ Will- Stlth+}

@: flying, studying Armour, very quick
A: very small, no large weapons, unfitting armour, see invisible, speed 3, agile
1, inhibited regeneration
0: Orb of Zot
}: 4/15 runes: barnacled, slimy, silver, gossamer
a: Renounce Religion, Heroism, Finesse, Duel


You escaped.
You worshipped Okawaru.
Okawaru was extremely pleased with you.
You visited 11 branches of the dungeon, and saw 53 of its levels.
You visited the Abyss 1 time.
You visited 2 bazaars.
You also visited: Trove.

You collected 9512 gold pieces.
You spent 1573 gold pieces at shops.

Inventory:

Hand Weapons
 V - the +3 greatsling "Punk" {acid, rCorr}
   (Okawaru gifted it to you on level 2 of the Orcish Mines)

   Any ammunition fired from it is coated in acid, damaging and corroding those
   it strikes.
   rCorr:     It protects you from acid and corrosion.
 X - the +8 hand crossbow of Gravity (weapon) {penet, rCorr}
   (Okawaru gifted it to you on level 1 of the Spider Nest)

   Any ammunition fired by it passes through the targets it hits, potentially
   hitting all targets in its path until it reaches maximum range.
   rCorr:     It protects you from acid and corrosion.
Armour
 c - a +4 troll leather armour
 w - the +2 cloak of the Turtledove (worn) {rF+ Regen+}
   (You bought it in a shop on level 4 of the Dungeon)

   rF:        It protects you from fire.
   Regen:     It increases your rate of health regeneration.
 C - the +2 hat of a Gauntlet (worn) {Dex+4}
   (Okawaru gifted it to you on level 10 of the Dungeon)

   Dex:       It affects your dexterity (+4).
 D - a +2 robe of cold resistance (worn)
 S - the +3 buckler of the Valley (worn) {Fly MP+9 Str+3}
   (Okawaru gifted it to you on level 3 of the Depths)

   Str:       It affects your strength (+3).
   MP:        It affects your magic capacity (+9).
   Fly:       It grants you flight.
Jewellery
 d - the ring of Aluf {rF+ AC+4 Str+3 Int+3}
   (You took it off a deep elf death mage on level 3 of the Elven Halls)

   [ring of protection]

   AC:        It affects your AC (+4).
   Str:       It affects your strength (+3).
   Int:       It affects your intelligence (+3).
   rF:        It protects you from fire.
 m - a ring of protection from fire
 o - a ring of poison resistance
 r - a +6 ring of dexterity
 G - a ring of protection from cold
 M - a ring of protection from cold
 R - a +6 ring of dexterity (left hand)
 T - the ring "Viymn" (right hand) {Wiz rF++ Will- Stlth+}
   (You found it on level 2 of the Realm of Zot)

   [ring of wizardry]

   It improves your spell success rate.
   rF:        It greatly protects you from fire.
   Will:      It decreases your willpower.
   Stlth:     It makes you more stealthy.
 U - the amulet "Mima" (around neck) {rPois rC+ Will+ Regen+ Dex+2}
   (You found it on level 13 of the Dungeon)

   [amulet of regeneration]

   Dex:       It affects your dexterity (+2).
   rC:        It protects you from cold.
   rPois:     It protects you from poison.
   Regen:     It increases your rate of health regeneration.
   Will:      It increases your willpower.
 Z - a ring of positive energy
Wands
 v - a wand of flame (117)
 y - a wand of light (15)
 H - a wand of digging (6)
 J - a wand of polymorph (23)
 L - a wand of iceblast (30)
 Y - a wand of mindburst (31)
Scrolls
 b - 18 scrolls of immolation
 h - 15 scrolls of teleportation
 i - 13 scrolls of enchant weapon
 j - 9 scrolls of magic mapping
 k - 3 scrolls of brand weapon
 l - 12 scrolls of amnesia
 s - a scroll of enchant armour
 t - 16 scrolls of fear
 u - 6 scrolls of torment
 A - 9 scrolls of vulnerability
 B - 12 scrolls of poison
 K - 6 scrolls of silence
 W - a scroll of blinking
Potions
 a - 8 potions of brilliance
 e - 33 potions of curing
 g - 11 potions of might
 n - 3 potions of invisibility
 p - 7 potions of flight
 q - 11 potions of magic
 x - 9 potions of lignification
 z - 8 potions of berserk rage
 E - 13 potions of attraction
 F - 14 potions of haste
 I - 5 potions of cancellation
 O - 4 potions of resistance
 P - 5 potions of ambrosia
Miscellaneous
 f - a lightning rod (4/4)
 Q - a tin of tremorstones (2/2)


   Skills:
 + Level 22.3 Fighting
 - Level 16.0 Ranged Weapons
 O Level 27 Dodging
 O Level 27 Stealth
 + Level 19.2 Shields
 - Level 11.0 Spellcasting
 - Level 16.0 Translocations
 - Level 12.0 Invocations
 - Level 12.0 Evocations


You had 28 spell levels left.
You knew the following spells:

 Your Spells              Type           Power      Damage    Failure   Level
a - Blink                 Tloc           96%        N/A       1%          2
b - Passage of Golubria   Tloc           48%        N/A       1%          4
c - Dispersal             Tloc           24%        N/A       1%          6
d - Disjunction           Tloc           24%        N/A       41%         8

Your spell library contained the following spells:

 Spells                   Type           Power      Damage    Failure   Level
 Apportation              Tloc           96%        N/A       0%          1
 Gell's Gravitas          Tloc           48%        N/A       1%          3
 Lesser Beckoning         Tloc           48%        N/A       1%          3
 Portal Projectile        Hex/Tloc       54%        N/A       1%          3
 Teleport Other           Tloc           48%        N/A       1%          3
 Iskenderun's Mystic Bla  Conj/Tloc      27%        2d7       1%          4
 Manifold Assault         Tloc           48%        N/A       1%          5
 Beastly Appendage        Tmut           14%        N/A       4%          1
 Magic Dart               Conj           28%        1d4       4%          1
 Necrotise                Necr           28%        1d5       4%          1
 Sandblast                Erth           14%        2d6       4%          1
 Shock                    Conj/Air       28%        1d4       4%          1
 Slow                     Hex            28%        N/A       4%          1
 Sting                    Tmut/Pois      28%        1d4       4%          1
 Ensorcelled Hibernation  Hex/Ice        14%        N/A       8%          2
 Passwall                 Tmut/Erth      5%         N/A       8%          2
 Poisonous Vapours        Pois/Air       14%        N/A       8%          2
 Static Discharge         Conj/Air       7%         3-4/arc   8%          2
 Sublimation of Blood     Necr           7%         N/A       8%          2
 Wereblood                Tmut           7%         N/A       8%          2
 Confusing Touch          Hex            7%         N/A       16%         3
 Dazzling Flash           Conj/Hex       14%        N/A       16%         3
 Ignite Poison            Fire/Tmut/Pois 7%         N/A       16%         3
 Mephitic Cloud           Conj/Pois/Air  7%         N/A       16%         3
 Spider Form              Tmut/Pois      7%         N/A       16%         3
 Stone Arrow              Conj/Erth      14%        3d7       16%         3
 Swiftness                Air            7%         N/A       16%         3
 Vampiric Draining        Necr           7%         2d6       16%         3
 Airstrike                Air            3%         2d(1-17)  43%         4
 Anguish                  Hex/Necr       3%         N/A       43%         4
 Corpse Rot               Necr/Pois/Air  7%         N/A       43%         4
 Dispel Undead            Necr           7%         3d8       43%         4
 Flame Wave               Conj/Fire      7%         2d5       43%         4
 Fulminant Prism          Conj/Hex       3%         3d6       43%         4
 Hailstorm                Conj/Ice       7%         3d4       43%         4
 Ice Form                 Ice/Tmut       7%         N/A       43%         4
 Leda's Liquefaction      Hex/Erth       3%         N/A       43%         4
 Olgreb's Toxic Radiance  Pois           7%         N/A       43%         4
 Sticky Flame             Conj/Fire      7%         2d3       43%         4
 Agony                    Necr           7%         N/A       77%         5
 Alistair's Intoxication  Tmut/Pois      4%         N/A       77%         5
 Blade Hands              Tmut           3%         N/A       77%         5
 Borgnjor's Vile Clutch   Necr/Erth      3%         N/A       77%         5
 Freezing Cloud           Conj/Ice/Air   3%         6-21      77%         5
 Lee's Rapid Deconstruct  Erth           3%         3d6*      77%         5
 Lightning Bolt           Conj/Air       3%         1d15      77%         5
 Yara's Violent Unravell  Hex/Tmut       3%         3d4       77%         5
 Eringya's Noxious Bog    Tmut/Pois      3%         N/A       99%         6
 Iron Shot                Conj/Erth      3%         9d2       99%         6
 Starburst                Conj/Fire      3%         6d3       99%         6
 Statue Form              Tmut/Erth      4%         N/A       99%         6
 Storm Form               Tmut/Air       3%         N/A       100%        7
 Borgnjor's Revivificati  Necr           3%         N/A       100%        8
 Lehudib's Crystal Spear  Conj/Erth      3%         10d3      100%        8
 Maxwell's Capacitive Co  Air            3%         ∞         100%        8
 Shatter                  Erth           3%         3d7*      100%        9
 Summon Forest            Summ/Tloc      Unusable   N/A       N/A         5
 Call Imp                 Summ           Unusable   N/A       N/A         2
 Tukima's Dance           Hex            Unusable   N/A       N/A         3
 Animate Armour           Summ/Erth      Unusable   N/A       N/A         4
 Summon Lightning Spire   Summ/Air       Unusable   N/A       N/A         4
 Death Channel            Necr           Unusable   N/A       N/A         6
 Simulacrum               Ice/Necr       Unusable   N/A       N/A         6
 Haunt                    Necr/Summ      Unusable   N/A       N/A         7
 Summon Hydra             Summ           Unusable   N/A       N/A         7
 Infestation              Necr           Unusable   N/A       N/A         8

Dungeon Overview and Level Annotations

Branches:
Dungeon (15/15)            Temple (1/1) D:4            Lair (5/5) D:10
 Shoals (4/4) Lair:3       Spider (4/4) Lair:3        Slime (5/5) Lair:5
    Orc (2/2) D:10            Elf (3/3) Orc:2        Vaults (5/5) D:13
  Crypt (0/3) Vaults:2     Depths (4/4) D:15            Zot (5/5) Depths:4

Altars:
Ashenzari
Cheibriados
Elyvilon
Fedhas
Gozag
Hepliaklqana
Kikubaaqudgha
Makhleb
Nemelex Xobeh
Okawaru
Ru
Sif Muna
Trog
Uskayaw
Vehumet
Wu Jian
Xom
Yredelemnul
Zin
The Shining One
Jiyva

Shops:
D:4 [   D:11 *   Orc:2 *[(::   Elf:1 !?   Elf:2 =   Shoals:1 *::*!   Vaults:2 *
Depths:3 *

Portals:
Hell: Depths:1 Depths:2 Depths:3 Depths:4
Abyss: Depths:2 Depths:3
Pandemonium: Depths:2 Depths:4
Ziggurat: Depths:1
Bazaar: Depths:4


Innate Abilities, Weirdness & Mutations

You are very small and have problems with some larger weapons.
You are too small for most types of armour.
You have supernaturally acute eyesight. (SInv)
You cover ground extremely quickly. (Speed+++)
You are agile. (Dex +4, Str/Int -1)
You do not regenerate when monsters are visible.


Message History

There is a stone staircase leading down here.
You see here 4 stones.
There is a stone staircase leading up here.
You fly upwards.
There is a stone staircase leading down here.
There is a stone staircase leading up here.
You fly upwards.
There is a stone staircase leading down here.
You see here 5 poisoned darts.
There is a stone staircase leading up here.
You fly upwards.
There is a stone staircase leading down here.
You see here a +0 ring mail.
There is a stone staircase leading up here.
You fly upwards.
There is a stone staircase leading down here.
There is a stone staircase leading up here.
You fly upwards.
There is a stone staircase leading down here.
There is a stone staircase leading up here.
You fly upwards.
There is a stone staircase leading down here.
No target in view!
No target in view!
No target in view!
(D) Dungeon (T) Temple (L) Lair (A) Shoals (N) Spider Nest (M) Slime Pits (O) Orcish Mines (E) Elven Halls (V) Vaults (C) Crypt (U) Depths (H) Hell (Z) Zot
Where to? (Enter - D:1, ? - help)
What level of the Dungeon? (default 1, ? - help) You're already here!
You see here 4 stones.
There is an open door here.
There is an open gate here.
There is an open door here.
There is an open door here.
There is an escape hatch in the floor here.
There is a staircase leading out of the dungeon here.
You have escaped!

..'....#####.........##.#
#.##.## ..######
#.........##.###.#.... #....#
##.......###........#. ####.#
#### ######### #####.#.... #
#.###[.## ##~.≈## ##..##.#....
# #.##....## ##'##
##....#...... #
#.##....####...####.#..#..(.#.
#
#..'....#8#.....#.#....#.##...
#
##.'....'.'.>@..'.#..#.#.##.#.
#
#.'#...#8#.....#.#...##.##.#.
###.#..####...####....####...
#....## ##'## ##....# #...
##..## #≈.≈# ##..## ##.# ####
####### #### #.# #...≈...# #.#
#..≈§§§§..# #.# #.≈≈≈§≈≈..#
########..


There were no monsters in sight!

Vanquished Creatures
  the Royal Jelly (Slime:5)
  Dissolution (Slime:2)
  A dread lich (Zot:5)
  16 orbs of fire
  2 ancient liches
  The ghost of Sofait the Black Belt, a legendary GnFE of Okawaru (Zot:2)
  A juggernaut (Depths:1)
  Mennas (Depths:4)
  Parghit (Zot:3)
  A royal mummy (Depths:3)
  A shard shrike (Zot:1)
  4 Killer Klowns
  9 golden dragons
  A curse toe (Zot:5)
  5 caustic shrikes (Depths:4)
  Nikola (Shoals:3)
  3 bone dragons
  5 electric golems
  An iron giant (shapeshifter) (Vaults:5)
  A Brimstone Fiend (Zot:5)
  25 Orb Guardians
  18 tentacled monstrosities
  6 liches
  Jorgrun (D:12)
  Mlioglotl (Shoals:4)
  2 deep elf master archers (Elf:3)
  2 deep elf blademasters (Elf:3)
  A walking frostbound tome (Depths:2)
  7 quicksilver dragons
  4 titans (Vaults:5)
  10 sphinxes
  Gastronok (Lair:2)
  7 death cobs
  The ghost of wingedge the Eclecticist, an adept DEEE of Vehumet (Spider:2)
  17 acid blobs
  2 tentacled starspawn
  Agnes (D:14)
  9 draconian monks
  10 tengu reavers
  A revenant (Depths:3)
  16 storm dragons
  Kirke (D:15)
  7 draconian knights
  A daeva (Depths:3)
  18 shadow dragons
  10 azure jellies
  Roxanne (Elf:1)
  10 rockslimes
  Louise (Spider:4)
  Donald (Elf:1)
  A fenstrider witch (shapeshifter) (Depths:2)
  18 vault wardens
  3 orc warlords
  11 fire giants
  6 deep elf sorcerers
  21 frost giants
  5 emperor scorpions
  9 draconian scorchers
  Aizul (Elf:3)
  The ghost of xzight the Thaumaturge, a journeyman GnWr of Gozag (Orc:1)
  6 draconian shifters
  8 ghost moths
  3 iron dragons (Vaults:5)
  2 balrugs (Depths:3)
  A curse skull (Vaults:2)
  A cacodemon (D:12)
  4 deep elf elementalists (Elf:3)
  The ghost of BillyBaka the Tortoise, a journeyman MiHu of Okawaru (D:12)
  An angel (Depths:1)
  5 draconian stormcallers
  The ghost of Radix the Stormcaller, a journeyman TeAE of Vehumet (Elf:1)
  A spriggan defender (Depths:2)
  13 ironbound thunderhulks
  4 war gargoyles
  12 quicksilver oozes
  22 ironbound preservers
  5 draconian annihilators
  2 reapers (Depths:3)
  17 very ugly things
  3 broodmothers
  6 vampire knights
  14 stone giants
  Nessos (Orc:2)
  5 deep elf demonologists (Elf:3)
  A minotaur (Shoals:4)
  15 green draconians
  20 red draconians
  10 deep elf annihilators
  6 entropy weavers
  17 white draconians
  10 dire elephants
  A lorocyproca (Elf:1)
  20 black draconians
  11 yellow draconians
  14 purple draconians
  The ghost of JanusIIV the Severer, a journeyman MiFi of Okawaru (Lair:1)
  10 spark wasps
  Snorg (D:12)
  An eidolon (Depths:3)
  8 deep elf death magi
  9 ettins
  A blizzard demon (Depths:3)
  A crystal guardian (Vaults:4)
  A green death (Abyss:4)
  3 merfolk impalers
  7 fire dragons
  A mummy priest (Depths:3)
  10 deep elf high priests
  2 merfolk javelineers (Shoals:4)
  14 yaktaur captains
  8 great orbs of eyes
  34 vault guards
  A jorogumo (Spider:1)
  3 peacekeepers (Vaults:4)
  2 salamander tyrants (Depths:3)
  14 ice dragons
  2 rakshasas
  A ghost crab (Abyss:5)
  7 hydras
  3 ogre magi
  7 ironbound frosthearts
  6 spriggan air magi
  3 merfolk avatars
  12 satyrs
  4 merfolk aquamancers
  6 boulder beetles
  4 radroaches
  Erica (Lair:1)
  2 alligator snapping turtles
  10 centaur warriors
  27 dancing weapons
  2 deep troll earth magi
  2 deep troll shamans
  A catoblepas (Lair:5)
  7 tengu warriors
  3 two-headed ogres
  A naga warrior (Abyss:5)
  3 vampire magi
  2 death scarabs (Depths:3)
  The ghost of Cheops the Spear-Bearer, a novice MiFi of Yredelemnul (D:9)
  Urug (D:12)
  10 spriggan berserkers
  5 shock serpents (Zot:3)
  A soul eater (Depths:4)
  23 deep elf knights
  2 orc high priests (Orc:2)
  A sun demon (Zot:2)
  7 spriggans
  14 hell knights
  Lodul (D:14)
  4 iron trolls
  2 sixfirhies
  A golden dragon zombie (Depths:1)
  2 pharaoh ants
  49 deep trolls
  A shadow demon (Depths:3)
  3 steelbarb worms
  8 orb spiders
  2 glowing orange brains
  7 wizards
  2 starcursed masses (Abyss:5)
  3 phantasmal warriors (Vaults:5)
  A sea snake (shapeshifter) (D:12)
  11 sea snakes
  2 flayed ghosts
  13 lindwurms
  16 deep elf archers
  A lindwurm (shapeshifter) (Vaults:5)
  11 necromancers
  22 ironbound convokers
  7 harpies (Shoals:4)
  7 orc knights
  A harpy (shapeshifter) (D:14)
  2 human zombies
  12 wolf spiders
  29 deep elf pyromancers
  19 manticores
  43 deep elf zephyrmancers
  An oklob plant (Lair:3)
  5 shining eyes
  3 orc sorcerers
  9 cyclopes
  A stone giant zombie (Vaults:4)
  27 fauns
  A faun (shapeshifter) (Vaults:5)
  38 ugly things
  7 merfolk sirens
  A frost giant skeleton (Depths:1)
  36 moths of wrath
  4 water nymphs
  A guardian serpent (Abyss:5)
  A stone giant skeleton (Vaults:2)
  A salamander (shapeshifter) (D:13)
  27 vault sentinels
  A centaur zombie (D:15)
  3 rust devils
  An orange demon (Depths:4)
  2 naga magi (D:15)
  An iron dragon skeleton (Vaults:4)
  A human skeleton (Vaults:4)
  2 eyes of devastation
  6 elephants (Lair:4)
  3 black mambas
  2 gargoyles
  14 cane toads
  7 torpor snails
  A water nymph (shapeshifter) (Vaults:5)
  3 unseen horrors
  2 smoke demons
  2 centaur skeletons (D:15)
  Maggie (Lair:1)
  2 kobold demonologists
  6 demonic crawlers
  31 yaktaurs
  A rime drake (Lair:5)
  An efreet (D:13)
  10 komodo dragons
  A yaktaur skeleton (Vaults:4)
  A freezing wraith (Vaults:5)
  A tengu conjurer (Depths:2)
  A hellwing (Depths:4)
  2 tormentors
  12 polar bears
  A merfolk (shapeshifter) (D:12)
  2 guardian mummies
  4 trolls
  3 tyrant leeches (Lair:5)
  34 merfolk
  3 meliai (D:13)
  9 wind drakes
  16 hornets
  11 raiju
  A shadow dragon simulacrum (Depths:1)
  38 tarantellas
  A harpy skeleton (D:15)
  A tengu simulacrum (Vaults:3)
  11 snapping turtles
  10 dream sheep
  102 slime creatures
  9 blink frogs (Lair:5)
  2 large abominations (Abyss:4)
  9 culicivoras
  A stone giant simulacrum (Vaults:2)
  24 jumping spiders
  7 air elementals
  A ynoxinul (Depths:2)
  2 wraiths
  56 yaks
  4 shadows
  A spriggan (shapeshifter) (D:14)
  7 wyverns
  11 golden eyes
  18 water elementals
  3 hogs (D:15)
  A fire elemental (Elf:3)
  4 basilisks
  A chaos spawn (Depths:4)
  40 redbacks
  A yaktaur simulacrum (Vaults:1)
  9 wargs
  4 neqoxecs
  A glowing shapeshifter zombie (Depths:1)
  An elf simulacrum (Vaults:3)
  9 vampire mosquitoes
  17 hell hounds
  23 water moccasins
  3 acid dragons (D:11)
  3 floating eyes
  2 glowing shapeshifter skeletons
  2 hydra simulacra (Zot:1)
  A hornet zombie (D:15)
  A floating eye (shapeshifter) (Depths:4)
  A black bear (shapeshifter) (D:13)
  32 orc warriors
  A sky beast (shapeshifter) (D:12)
  13 black bears
  A sky beast (D:8)
  An ice beast (Vaults:1)
  12 ogres
  21 wolves
  A boggart (Vaults:2)
  A centaur (D:10)
  13 bullfrogs
  5 kobold brigands
  3 scorpions
  3 earth elementals
  A troll zombie (D:10)
  9 killer bees
  3 electric eels
  2 howler monkeys (D:11)
  3 hounds
  A human simulacrum (Vaults:2)
  3 gnoll boudas
  21 orc priests
  4 iguanas
  31 orc wizards
  5 lightning spires (Zot:3)
  7 ogre zombies (D:10)
  12 gnolls
  6 adders
  An adder (shapeshifter) (D:12)
  3 white imps
  2 ufetubi (D:5)
  A worm (D:2)
  3 dart slugs
  A dart slug (shapeshifter) (D:12)
  75 orcs
  A ball python (shapeshifter) (D:12)
  9 bats (D:1)
  7 endoplasms
  2 giant cockroaches
  8 hobgoblins
  3 jackals (D:1)
  14 kobolds
  2 quokkas
  6 ball pythons
  4 frilled lizards
  11 goblins
  5 goblin zombies (D:10)
  3 hobgoblin zombies (D:10)
  3 orc skeletons (D:10)
  14 orc zombies (D:10)
  2 rats
  3 ball lightnings (Zot:3)
  3 starspawn tentacles
  2 tentacles
2396 creatures vanquished.

Vanquished Creatures (others)
  A lich (Depths:2)
  A draconian knight (Zot:2)
  A fire giant (Vaults:5)
  3 black draconians (Zot:3)
  A red draconian (Depths:4)
  A yellow draconian (Zot:3)
  2 deep elf knights (Elf:1)
  2 deep elf zephyrmancers
  A tarantella (Spider:1)
  2 ball lightnings (Zot:3)
  5 demonic plants
  15 fungi
  A lurking horror (Abyss:5)
  71 plants
  A starspawn tentacle (Abyss:5)
  11 tentacles
119 creatures vanquished.

Grand Total: 2515 creatures vanquished

Notes
Turn   | Place    | Note
-------+----------+-------------------------------------------
     0 | D:1      | wormed the Spriggan Hunter began the quest for the Orb.
     0 | D:1      | Reached XP level 1. HP: 10/10 MP: 2/2
   137 | D:1      | Found a faded altar of an unknown god.
   139 | D:1      | Reached XP level 2. HP: 15/15 MP: 3/3
   161 | D:1      | Got Plato's Book of the Squall
   500 | D:1      | Reached XP level 3. HP: 18/18 MP: 4/4
  1500 | D:2      | Reached XP level 4. HP: 18/23 MP: 5/5
  2875 | D:4      | Noticed an ogre
  2911 | D:3      | Reached skill level 5 in Ranged Weapons
  2911 | D:3      | Reached XP level 5. HP: 26/27 MP: 6/6
  2986 | D:4      | Killed an ogre
  3016 | D:4      | Noticed an ogre
  3035 | D:4      | Killed an ogre
  3036 | D:4      | Reached XP level 6. HP: 32/32 MP: 7/7
  3079 | D:4      | You fall into a shaft and drop 3 floors!
  3189 | D:5      | Entered Level 5 of the Dungeon
  3499 | D:4      | Found a staircase to the Ecumenical Temple.
  3506 | Temple   | Entered the Ecumenical Temple
  3549 | Temple   | Became a worshipper of Warmaster Okawaru
  3568 | D:4      | Reached skill level 5 in Stealth
  3668 | D:4      | Noticed an orc warrior
  3712 | D:4      | Killed an orc warrior
  3713 | D:4      | Reached skill level 5 in Dodging
  3713 | D:4      | Reached XP level 7. HP: 36/36 MP: 8/8
  3848 | D:4      | Found Qokepyme's Antique Armour Shop.
  3858 | D:4      | Bought a warped cloak for 180 gold pieces
  3858 | D:4      | Identified the +2 cloak of the Turtledove {rF+ Regen+} (You
                  | bought it in a shop on level 4 of the Dungeon)
  4018 | D:5      | Identified the +0 ring mail "Xudaugenn" {rElec rF+ rN+
                  | Regen+}
  4021 | D:5      | Reached * piety under Okawaru
  4696 | D:6      | Reached XP level 8. HP: 42/42 MP: 9/9
  4842 | D:6      | Identified the +0 scale mail of Protective Custody {rC+
                  | Int+3 Dex-3 SInv}
  5525 | D:7      | Reached ** piety under Okawaru
  6152 | D:7      | Reached *** piety under Okawaru
  6153 | D:7      | Reached XP level 9. HP: 46/46 MP: 10/10
  6246 | D:8      | Noticed a kobold demonologist
  6281 | D:8      | Killed a kobold demonologist
  6289 | D:8      | Reached skill level 5 in Fighting
  6498 | D:8      | Reached **** piety under Okawaru
  6994 | D:9      | Noticed a troll
  7031 | D:9      | Killed a troll
  7116 | D:9      | Found a runed translucent door.
  7116 | D:9      | Noticed a cyclops
  7116 | D:9      | Noticed Cheops's ghost (novice MiFi)
  7211 | D:9      | Found a radiant altar of Vehumet.
  7553 | D:9      | Killed Cheops's ghost
  7554 | D:9      | Reached skill level 10 in Ranged Weapons
  7554 | D:9      | Reached skill level 10 in Stealth
  7554 | D:9      | Reached XP level 10. HP: 52/52 MP: 11/11
  7688 | D:9      | Killed a cyclops
  7775 | D:10     | Entered Level 10 of the Dungeon
  7784 | D:10     | Reached ***** piety under Okawaru
  7907 | D:9      | Received a gift from Okawaru
  7953 | D:10     | Found a glowing golden altar of the Shining One.
  8066 | D:10     | Reached skill level 10 in Dodging
  8073 | D:10     | Found a staircase to the Lair.
  8103 | D:10     | Identified the +0 robe of Falitola {MP+9}
  8219 | D:10     | Noticed a two-headed ogre
  8293 | D:10     | Found a staircase to the Orcish Mines.
  8378 | D:10     | Reached XP level 11. HP: 58/58 MP: 12/12
  8391 | D:10     | Identified the +2 hat of a Gauntlet {Dex+4} (Okawaru gifted
                  | it to you on level 10 of the Dungeon)
  8391 | D:10     | Received a gift from Okawaru
  8416 | D:10     | Killed a two-headed ogre
  8629 | D:10     | Found an ancient bone altar of Kikubaaqudgha.
  8712 | D:10     | Found a snail-covered altar of Cheibriados.
  8816 | D:11     | Noticed a brown ugly thing
  8835 | D:11     | Killed a brown ugly thing
  8898 | D:11     | Found Gaecin's Assorted Antiques.
  8906 | D:11     | Bought a scroll labelled GUETZI WOULIE for 29 gold pieces
  8906 | D:11     | Bought a scroll labelled UHYUKESUT for 29 gold pieces
  8906 | D:11     | Bought a scroll of identify for 58 gold pieces
  9007 | D:11     | Noticed a two-headed ogre
  9017 | D:11     | Killed a two-headed ogre
  9397 | D:11     | Found a gate leading to a gauntlet.
  9737 | D:12     | Noticed Urug
  9737 | D:12     | Noticed Snorg
  9786 | D:12     | Noticed a cyan ugly thing
  9795 | D:12     | Killed a cyan ugly thing
  9795 | D:12     | Received a gift from Okawaru
  9919 | D:12     | Killed Snorg
  9920 | D:12     | Reached XP level 12. HP: 64/64 MP: 13/13
 10105 | D:12     | Noticed Jorgrun
 10164 | D:12     | Killed Jorgrun
 10217 | D:12     | Killed Urug
 10253 | D:12     | Reached ****** piety under Okawaru
 10431 | D:12     | Found a runed translucent gate.
 10431 | D:12     | Found a runed translucent gate.
 10431 | D:12     | Found a runed translucent gate.
 10802 | D:12     | Noticed an anaconda
 10816 | D:12     | an anaconda changed into an orb spider
 10913 | D:12     | Found a runed translucent gate.
 10913 | D:12     | Found a runed translucent gate.
 10916 | D:12     | Noticed a cacodemon
 10918 | D:12     | Noticed BillyBaka's ghost (journeyman MiHu)
 10921 | D:12     | Found a runed translucent gate.
 10923 | D:12     | Noticed an anaconda
 10923 | D:12     | a sea snake changed into an anaconda
 11058 | Lair:1   | Entered Level 1 of the Lair of Beasts
 11193 | Lair:1   | Noticed Erica
 11202 | Lair:1   | Killed Erica
 11281 | Lair:1   | Identified the +1 robe "Sasol" {rF- rN+++ Will- Str+4}
                  | (Okawaru gifted it to you on level 1 of the Lair of Beasts)
 11281 | Lair:1   | Received a gift from Okawaru
 11310 | Lair:1   | Reached skill level 15 in Stealth
 11515 | Lair:1   | Noticed Maggie
 11522 | Lair:1   | Killed Maggie
 11891 | Lair:1   | Found a runed translucent gate.
 11891 | Lair:1   | Found a runed translucent gate.
 11891 | Lair:1   | Found a runed translucent gate.
 11901 | Lair:1   | Noticed JanusIIV's ghost (journeyman MiFi)
 11902 | Lair:1   | Noticed an 11-headed hydra
 11903 | Lair:1   | Noticed a 12-headed hydra
 12069 | Lair:1   | Killed a 12-headed hydra
 12106 | Lair:1   | Killed an 11-headed hydra
 12107 | Lair:1   | Reached XP level 13. HP: 69/69 MP: 14/14
 12243 | Lair:1   | Killed JanusIIV's ghost
 12757 | Lair:2   | Noticed Gastronok
 12786 | Lair:2   | Killed Gastronok
 12787 | Lair:2   | Reached skill level 15 in Ranged Weapons
 13212 | Lair:3   | Received a gift from Okawaru
 13412 | Lair:3   | Found a hole to the Spider Nest.
 13559 | Lair:3   | Found a staircase to the Shoals.
 14108 | Lair:4   | Received a gift from Okawaru
 14935 | Lair:5   | Entered Level 5 of the Lair of Beasts
 15225 | Lair:5   | Reached XP level 14. HP: 75/75 MP: 15/15
 15231 | Lair:5   | Received a gift from Okawaru
 15314 | Lair:5   | Reached skill level 1 in Evocations
 15349 | Lair:5   | Reached skill level 1 in Invocations
 15464 | Lair:5   | Found a staircase to the Slime Pits.
 15732 | Lair:5   | Reached skill level 15 in Dodging
 15736 | Lair:5   | Reached skill level 10 in Fighting
 16295 | Lair:5   | Found a runed translucent door.
 16441 | Lair:5   | Reached skill level 5 in Evocations
 16463 | Lair:5   | Identified the +1 hat "Ojyamm" {rPois} (Okawaru gifted it
                  | to you on level 5 of the Lair of Beasts)
 16463 | Lair:5   | Received a gift from Okawaru
 16837 | D:12     | Gained mutation: Armour fits poorly on your strangely
                  | shaped body. [a neqoxec]
 16851 | D:12     | Gained mutation: You are weak. (Str -2) [a neqoxec]
 16866 | D:12     | Killed BillyBaka's ghost
 16888 | D:12     | Gained mutation: You occasionally lose the ability to drink
                  | potions when taking damage. [a cacodemon]
 16900 | D:12     | Killed a cacodemon
 16902 | D:12     | Gained mutation: You sometimes lose the ability to drink
                  | potions when taking damage. [a neqoxec]
 17026 | D:12     | Lost mutation: You sometimes lose the ability to drink
                  | potions when taking damage. [potion of mutation]
 17026 | D:12     | Lost mutation: Armour fits poorly on your strangely shaped
                  | body. [potion of mutation]
 17026 | D:12     | Lost mutation: You occasionally lose the ability to drink
                  | potions when taking damage. [potion of mutation]
 17026 | D:12     | Gained mutation: Your flesh is heat resistant. (rF+)
                  | [potion of mutation]
 17026 | D:12     | Gained mutation: You passively map a small area around you.
                  | [potion of mutation]
 17029 | D:12     | Gained mutation: You occasionally shout uncontrollably at
                  | your foes. [mutagenic glow]
 17053 | D:12     | Gained mutation: You occasionally lose the ability to read
                  | scrolls when taking damage. [mutagenic glow]
 17071 | D:12     | Gained mutation: Armour fits poorly on your strangely
                  | shaped body. [mutagenic glow]
 17084 | D:12     | Lost mutation: You occasionally lose the ability to read
                  | scrolls when taking damage. [mutagenic glow]
 17095 | D:12     | Gained mutation: You are very weak. (Str -4) [mutagenic
                  | glow]
 17110 | D:12     | Gained mutation: You are occasionally teleported next to
                  | monsters. [mutagenic glow]
 17881 | D:12     | Lost mutation: You are occasionally teleported next to
                  | monsters. [potion of mutation]
 17881 | D:12     | Lost mutation: You passively map a small area around you.
                  | [potion of mutation]
 17881 | D:12     | Gained mutation: You have hidden genetic potential. [potion
                  | of mutation]
 17886 | D:12     | Lost mutation: Your flesh is heat resistant. (rF+) [potion
                  | of mutation]
 17886 | D:12     | Lost mutation: You are very weak. (Str -4) [potion of
                  | mutation]
 17886 | D:12     | Lost mutation: You are weak. (Str -2) [potion of mutation]
 17886 | D:12     | Gained mutation: You are agile. (Dex +4, Str/Int -1)
                  | [potion of mutation]
 17886 | D:12     | Gained mutation: You are partially covered in iridescent
                  | scales. (AC +2) [potion of mutation]
 17886 | D:12     | Gained mutation: You are mostly covered in iridescent
                  | scales. (AC +4) [potion of mutation]
 17891 | D:12     | Lost mutation: You occasionally shout uncontrollably at
                  | your foes. [potion of mutation]
 17891 | D:12     | Lost mutation: You have hidden genetic potential. [potion
                  | of mutation]
 17891 | D:12     | Lost mutation: Armour fits poorly on your strangely shaped
                  | body. [potion of mutation]
 17891 | D:12     | Gained mutation: You are frail. (-10% HP) [potion of
                  | mutation]
 17900 | D:12     | Lost mutation: You are mostly covered in iridescent scales.
                  | (AC +4) [potion of mutation]
 17900 | D:12     | Lost mutation: You are partially covered in iridescent
                  | scales. (AC +2) [potion of mutation]
 17900 | D:12     | Gained mutation: You have sharp toenails. [potion of
                  | mutation]
 17900 | D:12     | Gained mutation: You have a pair of small horns on your
                  | head. [potion of mutation]
 17900 | D:12     | Gained mutation: You are very agile. (Dex +8, Str/Int -2)
                  | [potion of mutation]
 18077 | D:13     | Identified the amulet "Mima" {rPois rC+ Will+ Regen+ Dex+2}
 18181 | D:13     | Found a gate to the Vaults.
 18181 | D:13     | Noticed an ironbound preserver
 18298 | D:13     | Killed an ironbound preserver
 18299 | D:13     | Reached XP level 15. HP: 72/72 MP: 19/19
 18315 | D:13     | Reached skill level 5 in Invocations
 18544 | D:14     | Noticed Lodul
 18556 | D:14     | Killed Lodul
 18684 | D:14     | Noticed Agnes
 18691 | D:14     | Killed Agnes
 18974 | D:14     | Identified the +1 buckler of Tartarus {MP+9 Slay+2 SInv}
                  | (Okawaru gifted it to you on level 14 of the Dungeon)
 18974 | D:14     | Received a gift from Okawaru
 19225 | D:14     | Lost mutation: You are frail. (-10% HP) [potion of
                  | mutation]
 19225 | D:14     | Lost mutation: You have a pair of small horns on your head.
                  | [potion of mutation]
 19225 | D:14     | Gained mutation: Your mind is acute. (Int +4, Str/Dex -1)
                  | [potion of mutation]
 19225 | D:14     | Gained mutation: You are partially covered in iridescent
                  | scales. (AC +2) [potion of mutation]
 19405 | D:15     | Entered Level 15 of the Dungeon
 19844 | D:15     | Noticed Kirke
 19858 | D:15     | Killed Kirke
 19859 | D:15     | Reached skill level 1 in Shields
 20029 | D:15     | Found a staircase to the Depths.
 20408 | Orc:1    | Entered Level 1 of the Orcish Mines
 20625 | Orc:2    | Entered Level 2 of the Orcish Mines
 21023 | Orc:2    | Found Naannups's Assorted Antiques.
 21094 | Orc:2    | Noticed Nessos
 21097 | Orc:2    | Found Udairojo's Book Emporium.
 21103 | Orc:2    | Killed Nessos
 21217 | Orc:2    | Found a staircase to the Elven Halls.
 21366 | Orc:2    | Noticed an orc warlord
 21482 | Orc:2    | Found Udauc's Antique Armour Emporium.
 21488 | Orc:2    | Found Zif Sit's Antique Weapon Shoppe.
 21642 | Orc:2    | Received a gift from Okawaru
 21642 | Orc:2    | Found the +3 greatsling "Punk" {acid, rCorr}
 21706 | Orc:2    | Found Awul's Book Shoppe.
 21719 | Orc:2    | Bought a book of the Warp for 320 gold pieces
 21719 | Orc:2    | Bought a book of Spatial Translocations for 260 gold pieces
 21722 | Orc:2    | Learned a level 2 spell: Blink
 21922 | Orc:1    | Found a runed translucent gate.
 21976 | Orc:1    | Found a runed translucent gate.
 21976 | Orc:1    | Found an opulent altar of Gozag.
 21977 | Orc:1    | Found a runed translucent gate.
 21986 | Orc:1    | Noticed xzight's ghost (journeyman GnWr)
 22091 | Orc:1    | Killed xzight's ghost
 22272 | Spider:1 | Entered Level 1 of the Spider Nest
 22276 | Spider:1 | Reached skill level 1 in Spellcasting
 22301 | Spider:1 | Reached skill level 1 in Translocations
 22650 | Spider:1 | Learned a level 4 spell: Passage of Golubria
 22657 | Spider:1 | Learned a level 6 spell: Dispersal
 22984 | Spider:1 | Identified the +8 hand crossbow of Gravity {penet, rCorr}
                  | (Okawaru gifted it to you on level 1 of the Spider Nest)
 22984 | Spider:1 | Received a gift from Okawaru
 23139 | Spider:1 | Noticed an emperor scorpion
 23200 | Spider:1 | Killed an emperor scorpion
 23235 | Spider:1 | Reached XP level 16. HP: 87/87 MP: 22/22
 23738 | Spider:2 | Noticed wingedge's ghost (adept DEEE)
 23748 | Spider:2 | Found a runed translucent door.
 23853 | Spider:2 | Reached skill level 5 in Shields
 23891 | Spider:2 | Identified the +0 cloak of Noon {rC+} (Okawaru gifted it to
                  | you on level 2 of the Spider Nest)
 23891 | Spider:2 | Received a gift from Okawaru
 23902 | Spider:2 | Reached skill level 5 in Translocations
 24022 | Spider:2 | Learned a level 8 spell: Disjunction
 24620 | Spider:2 | HP: 3/87 [disintegration (82)]
 24646 | Spider:2 | Killed wingedge's ghost
 25189 | Spider:3 | Reached skill level 5 in Spellcasting
 25189 | Spider:3 | Reached skill level 10 in Evocations
 25464 | Spider:4 | Entered Level 4 of the Spider Nest
 26044 | Spider:4 | Identified the +5 tower shield of Sorcery {rCorr}
 26044 | Spider:4 | Noticed Louise
 26124 | Spider:4 | Killed Louise
 26732 | Spider:4 | Identified the +1 cloak "Asor" {rElec} (Okawaru gifted it
                  | to you on level 4 of the Spider Nest)
 26732 | Spider:4 | Received a gift from Okawaru
 27125 | Spider:4 | Got a gossamer rune of Zot
 27325 | Shoals:1 | Entered Level 1 of the Shoals
 27436 | Shoals:1 | Found Memierei's Book Shop.
 27522 | Shoals:1 | Found Horopp's Book Emporium.
 27539 | Shoals:1 | Found Qeumno's Distillery.
 27567 | Shoals:1 | Found Kois's General Store.
 27724 | Shoals:1 | Found Duzoidgho's Assorted Antiques.
 27745 | Shoals:1 | Reached XP level 17. HP: 91/91 MP: 28/28
 28447 | Shoals:2 | Reached skill level 10 in Translocations
 28601 | Shoals:2 | Received a gift from Okawaru
 28764 | Shoals:3 | Found a flickering gateway to a bazaar.
 28771 | Bazaar   | Entered a bazaar
 28774 | Bazaar   | Found Zecorrirph's Antique Weapon Shop.
 28791 | Bazaar   | Found Neuteas's Weapon Shop.
 28804 | Bazaar   | Found Fineqenu's Assorted Antiques.
 28833 | Bazaar   | Found Tuiz's Distillery.
 28853 | Bazaar   | Bought a potion of mutation for 88 gold pieces
 28853 | Bazaar   | Bought a potion of heal wounds for 55 gold pieces
 28853 | Bazaar   | Bought a potion of curing for 33 gold pieces
 28853 | Bazaar   | Bought a potion of mutation for 88 gold pieces
 28853 | Bazaar   | Bought a potion of curing for 33 gold pieces
 28853 | Bazaar   | Bought a potion of mutation for 88 gold pieces
 29003 | Shoals:3 | Noticed Nikola
 29133 | Shoals:3 | Reached skill level 10 in Invocations
 29393 | Shoals:3 | Noticed a kraken
 29777 | Shoals:4 | Entered Level 4 of the Shoals
 29791 | Shoals:4 | Identified the +3 buckler of the Blue Moon {rC+} (Okawaru
                  | gifted it to you on level 4 of the Shoals)
 29791 | Shoals:4 | Received a gift from Okawaru
 30167 | Shoals:4 | Noticed Mlioglotl
 30204 | Shoals:4 | Killed Mlioglotl
 30205 | Shoals:4 | Reached skill level 10 in Spellcasting
 30295 | Shoals:4 | Got a barnacled rune of Zot
 30360 | Shoals:4 | Reached XP level 18. HP: 96/96 MP: 33/33
 30427 | Shoals:4 | Identified the amulet of Irrepressible Laughter {Faith
                  | rPois rF- Int+8}
 30985 | Shoals:3 | Killed Nikola
 31165 | Elf:1    | Entered Level 1 of the Elven Halls
 31196 | Elf:1    | Paralysed by an air elemental for 1 turns
 31357 | Elf:1    | Found Mahaz's Distillery.
 31362 | Elf:1    | Found Zeclamp's Magic Scroll Emporium.
 31371 | Elf:1    | Bought a potion of curing for 39 gold pieces
 31371 | Elf:1    | Bought a potion of curing for 39 gold pieces
 31371 | Elf:1    | Bought a potion of heal wounds for 65 gold pieces
 31371 | Elf:1    | Bought a potion of haste for 130 gold pieces
 31371 | Elf:1    | Bought a potion of curing for 39 gold pieces
 31470 | Elf:1    | Identified the +0 animal skin "Ninoruil" {Stlth+} (Okawaru
                  | gifted it to you on level 1 of the Elven Halls)
 31470 | Elf:1    | Received a gift from Okawaru
 31484 | Elf:1    | Reached skill level 15 in Translocations
 31592 | Elf:1    | Noticed Donald
 31600 | Elf:1    | Killed Donald
 31645 | Elf:1    | Paralysed by an air elemental for 1 turns
 31667 | Elf:1    | Paralysed by an air elemental for 1 turns
 31685 | Elf:1    | Paralysed by an air elemental for 1 turns
 31995 | Elf:1    | Identified Roxanne's Tome of Stones
 31995 | Elf:1    | Noticed Roxanne
 32008 | Elf:1    | Killed Roxanne
 32029 | Elf:1    | Found a runed translucent gate.
 32030 | Elf:1    | Found a runed translucent gate.
 32031 | Elf:1    | Found a runed translucent gate.
 32047 | Elf:1    | Noticed Radix's ghost (journeyman TeAE)
 32078 | Elf:1    | Gained mutation: Your magical capacity is low. (-10% MP)
                  | [mutagenic glow]
 32101 | Elf:1    | Lost mutation: Your mind is acute. (Int +4, Str/Dex -1)
                  | [mutagenic glow]
 32129 | Elf:1    | Killed Radix's ghost
 32243 | Elf:1    | Identified the +1 cloak of Servitude {MP+9 Str+3}
 32388 | Elf:2    | Found a runed translucent gate.
 32392 | Elf:2    | Found a runed translucent gate.
 32392 | Elf:2    | Found a runed translucent gate.
 32513 | Elf:2    | Found Juenaru's Jewellery Boutique.
 32539 | Elf:2    | Identified the +7 sling "Pyaqinaw" {freeze, Contam rElec
                  | Str+3} (Okawaru gifted it to you on level 2 of the Elven
                  | Halls)
 32539 | Elf:2    | Received a gift from Okawaru
 33238 | Elf:2    | Reached XP level 19. HP: 86/102 MP: 30/30
 33417 | Elf:3    | Entered Level 3 of the Elven Halls
 33438 | Elf:3    | Identified the +2 buckler of Woriyffa {Harm Str+2 Int-4}
                  | (Okawaru gifted it to you on level 3 of the Elven Halls)
 33438 | Elf:3    | Received a gift from Okawaru
 33885 | Elf:3    | Noticed Aizul
 34194 | Elf:3    | Killed Aizul
 34582 | Elf:3    | Identified the +9 mace of the Blind Eye {vorpal, Str+3}
 34582 | Elf:3    | Identified the +1 short sword of Woe {freeze, Drain rC+++
                  | rCorr Str-5}
 34673 | Elf:3    | Identified the +10 mace "Xuill" {drain, rF+ Int+3 Stlth+}
 35002 | Elf:3    | Identified the ring of Aluf {rF+ AC+4 Str+3 Int+3}
 35015 | Elf:3    | Identified the +2 cloak "Paamugru" {rElec rN+ Str-4 SInv}
                  | (Okawaru gifted it to you on level 3 of the Elven Halls)
 35015 | Elf:3    | Received a gift from Okawaru
 35281 | Elf:3    | Got the Omnibus of the Mortuary
 35282 | Elf:3    | Identified the +6 ring mail "Ulay" {Regen+ Dex+4}
 35286 | Elf:3    | Got the Omnibus of Metal
 35321 | Elf:3    | Identified the amulet of the Ant {Faith Dex+3}
 35335 | Elf:3    | Identified the +3 shortbow of Cheese {vorpal, rElec rPois
                  | rC-}
 35336 | Elf:3    | Identified the +6 morningstar "Azest" {vorpal, Str+4 Dex+5}
 35852 | Vaults:1 | Entered Level 1 of the Vaults
 36682 | Vaults:1 | Found a portal to a secret trove of treasure.
 36714 | Vaults:1 | You paid a toll of 7 scrolls of blinking to enter a
                  | treasure trove
 36715 | Trove    | Entered a treasure trove
 36825 | Trove    | Reached XP level 20. HP: 109/109 MP: 32/32
 37139 | Vaults:1 | Reached XP level 21. HP: 89/113 MP: 33/33
 37467 | Vaults:1 | Received a gift from Okawaru
 38450 | Vaults:2 | Found Botisch's Assorted Antiques.
 38483 | Vaults:2 | Received a gift from Okawaru
 38863 | Vaults:2 | Found a staircase to the Crypt.
 39263 | Vaults:3 | Identified the +0 robe "Sutan" {Rampage rElec Will+}
                  | (Okawaru gifted it to you on level 3 of the Vaults)
 39263 | Vaults:3 | Received a gift from Okawaru
 40113 | Vaults:3 | Reached skill level 10 in Shields
 40296 | Vaults:4 | Reached XP level 22. HP: 120/120 MP: 34/34
 40469 | Vaults:4 | Received a gift from Okawaru
 40619 | Vaults:4 | Identified the +5 hand crossbow of the Immovable Olives
                  | {freeze, *Corrode Str+7} (Okawaru gifted it to you on level
                  | 4 of the Vaults)
 40619 | Vaults:4 | Received a gift from Okawaru
 40648 | Vaults:4 | Found a flickering gateway to a bazaar.
 40653 | Bazaar   | Entered a bazaar
 40660 | Bazaar   | Found Echoirul's Armour Shop.
 40674 | Bazaar   | Found Ceaxofamee's Jewellery Boutique.
 40688 | Bazaar   | Found Cearav's General Store.
 40702 | Bazaar   | Found Zeku's General Store.
 40716 | Bazaar   | Found Woneastaadi's Antique Armour Shop.
 40744 | Bazaar   | Found Dousa's Jewellery Shop.
 42041 | Elf:1    | Received a gift from Okawaru
 42414 | Vaults:5 | Entered Level 5 of the Vaults
 42551 | Vaults:5 | Noticed an ancient lich
 42837 | Vaults:5 | Reached skill level 15 in Fighting
 43144 | Vaults:5 | Noticed a caustic shrike
 43146 | Vaults:5 | a caustic shrike changed into an acid blob
 43152 | Vaults:5 | Noticed a golden dragon
 43152 | Vaults:5 | a shadow dragon changed into a golden dragon
 43154 | Vaults:5 | a golden dragon changed into an iron giant
 43271 | Vaults:5 | Reached XP level 23. HP: 126/126 MP: 35/35
 43299 | Vaults:5 | Identified the +10 sling of Midsummer {venom, Int+3}
                  | (Okawaru gifted it to you on level 5 of the Vaults)
 43299 | Vaults:5 | Received a gift from Okawaru
 43542 | Vaults:5 | Killed an ancient lich
 43606 | Vaults:5 | Identified the +1 scale mail of Cauquc {+Blink +Inv Int+3}
 43606 | Vaults:5 | Identified the amulet "Ankiebbo" {rN+++ Regen+ MP+9 Str-4
                  | Slay-3}
 43700 | Vaults:5 | Identified the +1 mace of Deformation {antimagic, rF+}
 43709 | Vaults:5 | Identified the +10 gold dragon scales of Fashionability
                  | {Drain rPois rF+ rC+ rCorr SInv} (Okawaru gifted it to you
                  | on level 5 of the Vaults)
 43709 | Vaults:5 | Received a gift from Okawaru
 43791 | Vaults:5 | Identified the amulet "Rodung" {Acrobat Stlth+}
 43997 | Vaults:5 | Got a silver rune of Zot
 44007 | Vaults:5 | Got the Writings on Incandescent Permutations
 44221 | Vaults:5 | Identified the +1 chain mail of Exclusion {Drain Fly rN+
                  | Dex+2}
 44876 | Slime:1  | Entered Level 1 of the Pits of Slime
 44917 | Slime:1  | Gained mutation: You do not regenerate when monsters are
                  | visible. [a shining eye]
 44918 | Slime:1  | Lost mutation: You do not regenerate when monsters are
                  | visible. [a shining eye]
 45048 | Slime:1  | Found a viscous altar of Jiyva.
 45372 | Slime:2  | Noticed Dissolution
 45557 | Slime:4  | Reached skill level 27 in Stealth
 45666 | Slime:5  | Entered Level 5 of the Pits of Slime
 45713 | Slime:5  | Noticed the Royal Jelly
 45724 | Slime:5  | Killed the Royal Jelly
 46006 | Slime:4  | Paralysed by a floating eye for 3 turns
 46325 | Slime:5  | Received a gift from Okawaru
 46389 | Slime:5  | Got a slimy rune of Zot
 46408 | Slime:5  | Identified the +6 spear of the Final Chapter {flame,
                  | *Corrode Str+3 Dex+7}
 46409 | Slime:5  | Identified the +9 war axe of Wounding {speed, Str+4 Int+2}
 46421 | Slime:5  | Identified the +4 mace of Laceration {drain, rF+ Dex+3
                  | Stlth+}
 46458 | Slime:5  | Identified the +9 trident of Fedhas's Fury {vorpal, Int+4
                  | Stlth+}
 46989 | Slime:2  | Killed Dissolution
 46990 | Slime:2  | Reached XP level 24. HP: 114/134 MP: 35/35
 47237 | Depths:1 | Entered Level 1 of the Depths
 47318 | Depths:1 | Found a one-way gateway to a ziggurat.
 47332 | Depths:1 | Paralysed by a floating eye for 4 turns
 47340 | Depths:1 | Paralysed by a floating eye for 3 turns
 47468 | Depths:1 | Paralysed by a floating eye for 4 turns
 47503 | Depths:1 | Paralysed by a floating eye for 4 turns
 47706 | Depths:1 | Found a gateway to Hell.
 48054 | Depths:1 | Found a blossoming altar of Fedhas.
 48305 | Depths:2 | Found a hide-covered altar of Uskayaw.
 48689 | Depths:2 | Got Dawnum's Anthology of Exhumation
 48719 | Depths:2 | Identified the +8 quarterstaff "Dex Gusm" {chaos, +Blink
                  | SInv}
 48741 | Depths:2 | Noticed a juggernaut
 48867 | Depths:1 | Killed a juggernaut
 48900 | Depths:1 | Identified the +8 sling of the Yoke {venom, Will+ Int+7}
                  | (Okawaru gifted it to you on level 1 of the Depths)
 48900 | Depths:1 | Received a gift from Okawaru
 49561 | Depths:2 | Found a one-way gate leading to the halls of Pandemonium.
 49828 | Depths:3 | Identified the +3 buckler of the Valley {Fly MP+9 Str+3}
                  | (Okawaru gifted it to you on level 3 of the Depths)
 49828 | Depths:3 | Received a gift from Okawaru
 50008 | Depths:3 | Found a large runed translucent door.
 50008 | Depths:3 | Found a large runed translucent door.
 50043 | Depths:3 | Found a one-way gate to the infinite horrors of the Abyss.
 50496 | Depths:3 | Found Yxtaev's General Store.
 51174 | Depths:3 | Noticed a royal mummy
 51196 | Depths:3 | Killed a royal mummy
 51362 | Depths:3 | Identified the +12 shortbow "Osamunon" {flame, Str+3}
 51499 | Depths:4 | Entered Level 4 of the Depths
 51559 | Depths:4 | Reached XP level 25. HP: 136/141 MP: 35/35
 51747 | Depths:4 | Noticed Mennas
 51760 | Depths:4 | Killed Mennas
 51785 | Depths:4 | Found a gate to the Realm of Zot.
 51896 | Depths:4 | Found a gateway to a bazaar.
 51973 | Depths:4 | Received a gift from Okawaru
 52689 | Zot:1    | Entered Level 1 of the Realm of Zot
 53730 | Zot:1    | Identified the +7 spear of Valosmag {freeze, rC+ Str+3}
                  | (Okawaru gifted it to you on level 1 of the Realm of Zot)
 53730 | Zot:1    | Received a gift from Okawaru
 53848 | Zot:1    | Noticed a Killer Klown
 53898 | Zot:1    | Reached skill level 15 in Shields
 54085 | Zot:1    | Killed a Killer Klown
 54086 | Zot:1    | Reached skill level 27 in Dodging
 54195 | Zot:1    | Noticed a Killer Klown
 54197 | Abyss:3  | Cast into level 3 of the Abyss (black draconian knight)
 54482 | Zot:1    | Escaped the Abyss
 54626 | Zot:1    | Killed a Killer Klown
 54783 | Zot:1    | Received a gift from Okawaru
 54834 | Zot:1    | Noticed a shard shrike
 54834 | Zot:1    | Noticed an orb of fire
 54835 | Zot:1    | Gained mutation: Your body sometimes deteriorates upon
                  | taking damage. [an orb of fire]
 54850 | Zot:1    | Gained mutation: Your magical capacity is very low. (-20%
                  | MP) [an orb of fire]
 54862 | Zot:1    | Killed an orb of fire
 54933 | Zot:1    | Killed a shard shrike
 55107 | Zot:1    | Reached XP level 26. HP: 148/150 MP: 31/31
 56083 | Zot:2    | Identified the +5 buckler of the Vacuum {Str+8 Int+4 Dex-5}
                  | (Okawaru gifted it to you on level 2 of the Realm of Zot)
 56083 | Zot:2    | Received a gift from Okawaru
 56488 | Zot:2    | Noticed an orb of fire
 56494 | Zot:2    | Noticed Sofait's ghost (legendary GnFE)
 56502 | Zot:2    | Found a runed translucent gate.
 56502 | Zot:2    | Found a runed translucent gate.
 56502 | Zot:2    | Found a runed translucent gate.
 56713 | Zot:2    | Noticed an orb of fire
 56731 | Zot:2    | Killed an orb of fire
 56929 | Zot:2    | Gained mutation: Your body often deteriorates upon taking
                  | damage. [an orb of fire]
 56940 | Zot:2    | Killed an orb of fire
 57692 | Zot:2    | Killed Sofait's ghost
 57715 | Zot:2    | Identified the ring "Viymn" {Wiz rF++ Will- Stlth+}
 57754 | Zot:3    | Noticed an orb of fire
 57761 | Zot:3    | Gained mutation: Your magical capacity is extremely low.
                  | (-30% MP) [an orb of fire]
 57770 | Zot:3    | Killed an orb of fire
 57865 | Zot:3    | Noticed Parghit
 57913 | Zot:3    | Killed Parghit
 58186 | Zot:3    | Found a transporter.
 58188 | Zot:3    | Found a transporter.
 58191 | Zot:3    | Found a transporter.
 58400 | Zot:3    | Noticed an orb of fire
 58401 | Zot:3    | Gained mutation: You are occasionally teleported next to
                  | monsters. [an orb of fire]
 58404 | Zot:3    | Gained mutation: You are often teleported next to monsters.
                  | [an orb of fire]
 58414 | Zot:3    | Gained mutation: You have hidden genetic defects. [an orb
                  | of fire]
 58415 | Zot:3    | Gained mutation: You occasionally lose the ability to drink
                  | potions when taking damage. [an orb of fire]
 58416 | Zot:3    | Killed an orb of fire
 58416 | Zot:3    | Received a gift from Okawaru
 58434 | Zot:3    | Found a transporter.
 58434 | Zot:3    | Identified the +4 scale mail of Hospitality {Fly rCorr
                  | MP-9}
 59804 | Zot:4    | Lost mutation: You are very agile. (Dex +8, Str/Int -2)
                  | [hidden defects]
 59817 | Zot:3    | Lost mutation: Your magical capacity is extremely low.
                  | (-30% MP) [potion of mutation]
 59817 | Zot:3    | Lost mutation: You occasionally lose the ability to drink
                  | potions when taking damage. [potion of mutation]
 59817 | Zot:3    | Lost mutation: You have sharp toenails. [potion of
                  | mutation]
 59817 | Zot:3    | Gained mutation: Your mind is acute. (Int +4, Str/Dex -1)
                  | [potion of mutation]
 59817 | Zot:3    | Gained mutation: Potions are less effective at restoring
                  | your health. [potion of mutation]
 59820 | Zot:3    | Lost mutation: Potions are less effective at restoring your
                  | health. [potion of mutation]
 59820 | Zot:3    | Lost mutation: You have hidden genetic defects. [potion of
                  | mutation]
 59820 | Zot:3    | Lost mutation: You are partially covered in iridescent
                  | scales. (AC +2) [potion of mutation]
 59820 | Zot:3    | Lost mutation: Your body often deteriorates upon taking
                  | damage. [potion of mutation]
 59820 | Zot:3    | Gained mutation: You are partially covered in iridescent
                  | scales. (AC +2) [potion of mutation]
 59821 | Zot:3    | Lost mutation: You are agile. (Dex +4, Str/Int -1) [potion
                  | of mutation]
 59821 | Zot:3    | Lost mutation: Your mind is acute. (Int +4, Str/Dex -1)
                  | [potion of mutation]
 59821 | Zot:3    | Gained mutation: Your muscles are strong. (Str +4, Int/Dex
                  | -1) [potion of mutation]
 59821 | Zot:3    | Gained mutation: You are dopey. (Int -2) [potion of
                  | mutation]
 59821 | Zot:3    | Gained mutation: You passively map a small area around you.
                  | [potion of mutation]
 59822 | Zot:3    | Lost mutation: Your magical capacity is very low. (-20% MP)
                  | [potion of mutation]
 59822 | Zot:3    | Lost mutation: Your magical capacity is low. (-10% MP)
                  | [potion of mutation]
 59822 | Zot:3    | Lost mutation: You are partially covered in iridescent
                  | scales. (AC +2) [potion of mutation]
 59822 | Zot:3    | Gained mutation: A frigid envelope surrounds you and
                  | freezes all who hurt you. [potion of mutation]
 59824 | Zot:3    | Lost mutation: You passively map a small area around you.
                  | [potion of mutation]
 59824 | Zot:3    | Lost mutation: You are dopey. (Int -2) [potion of mutation]
 59824 | Zot:3    | Lost mutation: Your muscles are strong. (Str +4, Int/Dex
                  | -1) [potion of mutation]
 59824 | Zot:3    | Gained mutation: Your mind is acute. (Int +4, Str/Dex -1)
                  | [potion of mutation]
 59825 | Zot:3    | Lost mutation: A frigid envelope surrounds you and freezes
                  | all who hurt you. [potion of mutation]
 59825 | Zot:3    | Lost mutation: Your body sometimes deteriorates upon taking
                  | damage. [potion of mutation]
 59825 | Zot:3    | Lost mutation: You are often teleported next to monsters.
                  | [potion of mutation]
 59825 | Zot:3    | Gained mutation: You have sharp toenails. [potion of
                  | mutation]
 59826 | Zot:3    | Lost mutation: You have sharp toenails. [potion of
                  | mutation]
 59826 | Zot:3    | Lost mutation: Your mind is acute. (Int +4, Str/Dex -1)
                  | [potion of mutation]
 59826 | Zot:3    | Lost mutation: You are occasionally teleported next to
                  | monsters. [potion of mutation]
 59826 | Zot:3    | Gained mutation: You are partially covered in iridescent
                  | scales. (AC +2) [potion of mutation]
 60030 | Zot:4    | Identified the +0 robe of the Farmer {rN+} (Okawaru gifted
                  | it to you on level 4 of the Realm of Zot)
 60030 | Zot:4    | Received a gift from Okawaru
 60031 | Zot:4    | Reached XP level 27. HP: 158/158 MP: 39/39
 60480 | Zot:5    | Entered Level 5 of the Realm of Zot
 61155 | Zot:5    | Noticed an ancient lich
 61157 | Zot:5    | Noticed a dread lich
 61166 | Zot:5    | Killed an ancient lich
 61167 | Zot:5    | Noticed an orb of fire
 61169 | Zot:5    | Noticed an orb of fire
 61170 | Zot:5    | Killed a dread lich
 61172 | Zot:5    | Killed an orb of fire
 61176 | Zot:5    | Killed an orb of fire
 61204 | Zot:5    | Noticed an orb of fire
 61206 | Zot:5    | Noticed an orb of fire
 61207 | Zot:5    | Noticed an orb of fire
 61217 | Zot:5    | Gained mutation: You occasionally lose the ability to drink
                  | potions when taking damage. [an orb of fire]
 61226 | Zot:5    | Noticed an orb of fire
 61228 | Zot:5    | Noticed an orb of fire
 61355 | Zot:5    | Killed an orb of fire
 61379 | Zot:5    | Gained mutation: Your body sometimes deteriorates upon
                  | taking damage. [an orb of fire]
 61387 | Zot:5    | Noticed an orb of fire
 61395 | Zot:5    | Killed an orb of fire
 61399 | Zot:5    | Gained mutation: You occasionally lose the ability to read
                  | scrolls when taking damage. [an orb of fire]
 61405 | Zot:5    | Gained mutation: You sometimes lose your temper in combat.
                  | [an orb of fire]
 61409 | Zot:5    | Killed an orb of fire
 61410 | Zot:5    | Killed an orb of fire
 61461 | Zot:5    | Identified the +1 buckler "Basiz" {Harm rElec Str-4}
                  | (Okawaru gifted it to you on level 5 of the Realm of Zot)
 61461 | Zot:5    | Received a gift from Okawaru
 61462 | Zot:5    | Noticed an orb of fire
 61479 | Zot:5    | Noticed an orb of fire
 61480 | Zot:5    | Killed an orb of fire
 61484 | Zot:5    | Killed an orb of fire
 61491 | Zot:5    | Killed an orb of fire
 61629 | Zot:5    | Noticed an orb of fire
 61631 | Zot:5    | Noticed an orb of fire
 61637 | Zot:5    | Gained mutation: Armour fits poorly on your strangely
                  | shaped body. [an orb of fire]
 61645 | Zot:5    | Gained mutation: You do not regenerate when monsters are
                  | visible. [an orb of fire]
 61649 | Zot:5    | Gained mutation: You sometimes lose the ability to drink
                  | potions when taking damage. [an orb of fire]
 61649 | Zot:5    | Gained mutation: You have an uncontrollable temper. [an orb
                  | of fire]
 61708 | Zot:5    | Gained mutation: You are weak. (Str -2) [an orb of fire]
 61714 | Zot:5    | Killed an orb of fire
 61750 | Zot:5    | Killed an orb of fire
 62085 | Zot:5    | Got the Orb of Zot
 62133 | Zot:5    | Lost mutation: You have an uncontrollable temper. [potion
                  | of mutation]
 62133 | Zot:5    | Lost mutation: You sometimes lose your temper in combat.
                  | [potion of mutation]
 62133 | Zot:5    | Lost mutation: Your body sometimes deteriorates upon taking
                  | damage. [potion of mutation]
 62133 | Zot:5    | Gained mutation: You have large cloven feet. [potion of
                  | mutation]
 62133 | Zot:5    | Gained mutation: You are partially covered in large bone
                  | plates. (SH +4) [potion of mutation]
 62134 | Zot:5    | Lost mutation: You are weak. (Str -2) [potion of mutation]
 62134 | Zot:5    | Lost mutation: You sometimes lose the ability to drink
                  | potions when taking damage. [potion of mutation]
 62134 | Zot:5    | Lost mutation: You are partially covered in large bone
                  | plates. (SH +4) [potion of mutation]
 62134 | Zot:5    | Gained mutation: Your flesh is heat resistant. (rF+)
                  | [potion of mutation]
 62135 | Zot:5    | Lost mutation: You occasionally lose the ability to drink
                  | potions when taking damage. [potion of mutation]
 62135 | Zot:5    | Lost mutation: You have large cloven feet. [potion of
                  | mutation]
 62135 | Zot:5    | Lost mutation: You are partially covered in iridescent
                  | scales. (AC +2) [potion of mutation]
 62135 | Zot:5    | Gained mutation: Your system is resistant to poisons.
                  | (rPois) [potion of mutation]
 62135 | Zot:5    | Gained mutation: You have sharp toenails. [potion of
                  | mutation]
 62135 | Zot:5    | Lost mutation: You occasionally lose the ability to read
                  | scrolls when taking damage. [potion of mutation]
 62136 | Zot:5    | Lost mutation: You have sharp toenails. [potion of
                  | mutation]
 62136 | Zot:5    | Lost mutation: Your flesh is heat resistant. (rF+) [potion
                  | of mutation]
 62136 | Zot:5    | Lost mutation: Your system is resistant to poisons. (rPois)
                  | [potion of mutation]
 62136 | Zot:5    | Lost mutation: Armour fits poorly on your strangely shaped
                  | body. [potion of mutation]
 62136 | Zot:5    | Gained mutation: You are agile. (Dex +4, Str/Int -1)
                  | [potion of mutation]
 62610 | D:12     | Noticed Nunee the pandemonium lord
 62856 | D:$      | Escaped with the Orb!

Illustrated notes

Levels and vault maps discovered:
D:1:      shiori_arrival_elements, layout_basic,
          shapermc_ecumenical_altar_rom_forum
D:2:      layout_loops_ring, serial_co_window_serial, co_window_paths_a,
          co_window_of_opportunity_a, co_window_corner_a, co_window_paths_a,
          co_window_corner_a, co_window_paths_b, co_window_paths_a,
          co_window_paths_b, co_window_corner_a, co_window_paths_c,
          co_window_broadway_a, co_window_paths_c, co_window_corner_ca,
          co_window_corner_b, co_window_4corner_a, glass_columns_a
D:3:      minmay_diamond_boxcup, layout_rooms
D:4:      layout_gridville, minmay_temple_entry_drinking_statues, serial_shops,
          shop
D:5:      layout_loops_ring, minmay_puff
D:6:      layout_basic
D:7:      layout_basic
D:8:      layout_basic, kennysheep_generic_room_5
D:9:      layout_basic, vehumet_crystals, ebering_ghost_inner_flame,
          evilmike_minifort
D:10:     layout_basic, lemuel_tele_altar, mainiacjoe_overflow_catch_the_wave,
          minmay_lair_entry_grove, zombieorc2_lemuel, serial_glass,
          glass_columns_a, glass_columns_c, glass_columns_a, glass_columns_a,
          glass_columns_b, glass_columns_b, glass_columns_c, glass_columns_a,
          glass_columns_c, glass_columns_c, glass_columns_a, glass_columns_c,
          glass_columns_b, glass_columns_a, item_on_display_b,
          item_on_display_a, minmay_strange_pillars
D:11:     layout_stronghold, gauntlet_entry_generic, serial_shops,
          nicolae_shop_stone
D:12:     layout_long_grid, ploomutoo_gammafunk_ghost_potion_laboratory,
          uniq_urug, uniq_snorg, uniq_jorgrun
D:13:     layout_rooms, skrybe_vaults_entry_preservation
D:14:     layout_loops_corners, chequers_avenue, uniq_agnes, uniq_lodul
D:15:     grunt_enter_depths_magical_seal, layout_basic, nrook_uturn, uniq_kirke
Temple:   nicolae_temple_two_arcs
Lair:1:   layout_cave_pods, gammafunk_ghost_hydra_chop,
          nicolae_quartered_pool_medium, grunt_megastairs_5, uniq_erica,
          uniq_maggie
Lair:2:   layout_roguey, serial_bayou_shore_a, infiniplex_staircase_pool_2,
          uniq_gastronok
Lair:3:   layout_chaotic_city, elwin_shoals_entry_rooms, spider_nest_entry_webs,
          minivault_23
Lair:4:   layout_cave_pods, lemuel_old_faithful
Lair:5:   wormcave, layout_loops_ring, hangedman_lair_caniforms_friends,
          dpeg_slime_entry_enclosed, bh_autumn_forest_stairs
Shoals:1: layout_shoals, serial_shops, shop, nicolae_shop_hallway_plus, shop,
          nicolae_diamond_shop, nicolae_shop_stone
Shoals:2: layout_shoals, nicolae_shoals_shepherds
Shoals:3: layout_shoals, serial_shops, bzr_entry_dummy, uniq_nikola
Shoals:4: shoals_end_hellmonk_lost_city, uniq_mlioglotl
Spider:1: layout_cave_pods, hangedman_spider_tarantella_strand
Spider:2: layout_spider_delve, hellmonk_ghost_happy_afterlife
Spider:3: layout_spider_delve
Spider:4: guppyfry_spider_rune, uniq_louise
Slime:1:  layout_caves, basic_altar
Slime:2:  layout_caves, uniq_dissolution
Slime:3:  layout_caves
Slime:4:  layout_caves
Slime:5
Orc:1:    layout_caves, basic_altar, ebering_ghost_gozag
Orc:2:    grunt_orc_community_town_hall, layout_diamond_mine,
          grunt_orc_community_big_house_2, grunt_orc_community_big_house_1,
          grunt_orc_community_house_3, grunt_orc_community_house_3,
          grunt_orc_community_house_2, grunt_orc_community_house_3,
          grunt_orc_community_house_1, grunt_orc_community_house_1,
          serial_shops, nicolae_shop_window_shopping, uniq_nessos
Elf:1:    nicolae_elf_arrival_aired_out, layout_gridlike,
          gammafunk_ghost_tricky_traps, minivault_28, minmay_shop_star,
          uniq_donald, uniq_roxanne
Elf:2:    nicolae_elf_blades_crystal_corner, layout_gridlike, serial_shops,
          nicolae_stop_n_shop_2, nicolae_elf_vaults_five_recruitment_drive
Elf:3:    elf_hall, layout_geoelf_castle, hangedman_elven_ridges, uniq_aizul
Vaults:1: nicolae_vaults_network_periphery, v_rooms_2, v_misc_32,
          dpeg_vaults_monster_row, vaults_mumra_chevron_long, serial_ice_g,
          vaults_mumra_chevron, layout_vaults_omnigrid, enter_trove_2
Vaults:2: hangedman_vaults_hat, dpeg_vaults_monster_box,
          vaults_mumra_minichess_inversion, nicolae_vaults_sealed_display,
          nicolae_vaults_display_case, v_pattern_3, hangedman_vaults_pinch,
          vaults_room_semicircle, layout_vaults_big_room,
          minmay_crypt_entry_simple_box, serial_shops, shop
Vaults:3: nicolae_vaults_asterisk, nicolae_vaults_little_squares_6,
          nicolae_vaults_octagons, grunt_vaults_focal, hangedman_vaults_locks,
          v_misc_18, vaults_dpeg_cross, hangedman_vaults_capsules, serial_ice_m,
          v_misc_26, layout_vaults_omnibox
Vaults:4: ontoclasm_vaults_shuriken, nicolae_vaults_big_ls, vaults_dpeg_doors,
          ontoclasm_vaults_ring_small, hangedman_vaults_restitches, v_pattern_2,
          nicolae_vaults_disjoint_gnomons, v_misc_10, ontoclasm_vaults_fault,
          nicolae_vaults_little_squares_3, vaults_mumra_hexcomb,
          nicolae_vaults_little_squares_6, layout_vaults_maze_snakey,
          serial_shops, bzr_entry_road
Vaults:5: serial_shops
Depths:1: layout_gridville, enter_ziggurat_c, hangedman_tar_grid_catacomb,
          kennysheep_cross_room, fedhas_altar_1
Depths:2: minmay_the_grid_square_5x5_3x3 [minmay_the_grid_square_5x5_comb,
          minmay_the_grid_square_5x5_broken_cross,
          minmay_the_grid_square_5x5_two_small,
          minmay_the_grid_square_5x5_empty,
          minmay_the_grid_square_5x5_megaprize_checkered,
          minmay_the_grid_square_5x5_moneybag,
          minmay_the_grid_square_5x5_inner_i, minmay_the_grid_square_5x5_fat_x,
          minmay_the_grid_square_5x5_trominoes], layout_cave_shapes,
          rand_demon_pan_entry_7, marbit_kobold_abyss_entry, grunt_metal_band,
          dancing_weapons_uskayaw
Depths:3: lightli_eight_chambers, layout_gridlike, abyss_entry,
          hangedman_coc_ice_floe, serial_shops, shop_fountains,
          infiniplex_staircase_pillars_2, serial_bayou_shore_b
Depths:4: grunt_zot_entry_funnels, layout_small_grid, hell_entry,
          grunt_pan_entry_sceptre, serial_shops, statue_bzr,
          amcnicky_mini_pool_small, uniq_mennas
Zot:1:    hangedman_zot_vaults_quadrants, layout_concentric_octagons,
          hangedman_elemental_grid_stream
Zot:2:    grunt_twist_and_shout, layout_onion_interference,
          gammafunk_ghost_split, st_stairs_8
Zot:3:    infiniplex_zot_generator, layout_onion, nicolae_diode_quadrants,
          uniq_parghit
Zot:4:    layout_onion_interference
Zot:5:    layout_gridlike, st_stairs_5

Skill      XL: |  1  2  3  4  5  6  7  8  9 10 11 12 13 14 15 16 17 18 19 20 21 22 23 24 25 26 27 |
---------------+----------------------------------------------------------------------------------+-----
Stealth        | 2 3 4 5 6 8 10 11 13 15 16 18 19 20 22 24 25 27 | 27.0
Dodging        | 3 4 5 6 7 8 10 11 13 14 15 16 17 19 21 22 24 25 27 | 27.0
Fighting       | 2 3 4 5 6 7 8 9 10 11 13 14 15 16 17 19 20 22 | 22.3
Ranged Weapons | 5 6 7 8 10 11 13 14 15 16 | 16.0
Evocations     | 6 8 11 12 | 12.0
Invocations    | 4 6 8 11 12 | 12.0
Shields        | 4 6 7 8 10 11 12 14 15 17 19 | 19.2
Spellcasting   | 3 7 10 11 | 11.0
Translocations | 3 8 13 15 16 | 16.0

Action                   |  1- 3 |  4- 6 |  7- 9 | 10-12 | 13-15 | 16-18 | 19-21 | 22-24 | 25-27 || total
-------------------------+-------+-------+-------+-------+-------+-------+-------+-------+-------++-------
Melee: Hand crossbow     |       |       |       |       |       |       |       |       |     6 ||     6
 Fire: Shortbow          |   102 |   161 |   377 |   764 |   590 |       |       |       |       ||  1994
       Hand crossbow     |       |       |       |       |   692 |       |   309 |  1656 |  1893 ||  4550
       Greatsling        |       |       |       |       |   216 |  1817 |  1017 |       |       ||  3050
 Cast: Blink             |       |       |       |       |       |     2 |     1 |     7 |     5 ||    15
       Dispersal         |       |       |       |       |       |     1 |     1 |    21 |    20 ||    43
       Passage of Golubr |       |       |       |       |       |       |     1 |     3 |     2 ||     6
Invok: Heroism           |       |       |       |       |       |     1 |       |     1 |    12 ||    14
       Finesse           |       |       |       |       |       |     1 |       |     1 |    12 ||    14
Evoke: Wand              |       |       |       |       |       |       |       |     1 |     2 ||     3
  Use: Scroll            |       |     7 |     4 |     6 |    10 |     3 |     2 |     4 |     7 ||    43
       Potion            |       |       |       |       |     8 |     5 |     1 |    13 |    14 ||    41
Armor: Robe              |     5 |     4 |    10 |    10 |    37 |    16 |     5 |    22 |    30 ||   139
Dodge: Dodged            |    26 |    61 |   170 |   263 |   538 |   604 |   289 |  1093 |  1519 ||  4563
Block: Buckler           |       |       |       |       |     4 |   342 |   207 |   651 |   869 ||  2073
